Cogmind - Beta 13 @@@ ROGUE MODE // 2024.04.17 @ 21:37:42 Player: Exceptionally Mediocre Result: Destroyed by TC-R15(R) with Subdweller Beam Cannon Performance ------------- Evolutions (0) 0 Regions Visited (2) 400 Robots Destroyed (25) 125 Value Destroyed (490) 490 Prototype IDs (0) 0 Alien Tech Used (0) 0 Bonus (0) 0 TOTAL SCORE: 1015 Bonus ------- None Cogmind --------- Core Integrity 0/250 Matter 174/300 Energy 325/325 System Corruption 0% Temperature Cool (9) Movement Rolling (131) Ox3 Location -10/Subcaves Parts ------- > --- POWER (1) -------- Light Ion Engine > --- PROPULSION (2) --- Wheel Subdweller Monowheel > --- UTILITY (2) ------ Huge Storage Unit Large Battery > --- WEAPON (2) ------- Light Assault Rifle Subdweller Machine Gun > --- INVENTORY (25) --- Light Ion Engine Subdweller Power Source Subdweller Power Source Wheel Medium Matter Pod (0) Scrap Shield Light Assault Rifle Light Assault Rifle Mining Laser Peak State ------------ > --- POWER ------------ Light Ion Engine > --- PROPULSION ------- Light Treads Subdweller Monowheel > --- UTILITY ---------- Huge Storage Unit Large Battery > --- WEAPON ----------- Subdweller Machine Gun Light Cannon > --- INVENTORY -------- Light Ion Engine Light Ion Engine Subdweller Power Source Medium Matter Pod Scrap Shield Light Assault Rifle Light Assault Rifle Light Assault Rifle Mining Laser [Rating: 10] Favorites ----------- Power Ion Engine Engine Ion Engine Propulsion Light Treads Treads Light Treads Wheel Subdweller Monowheel Utility Huge Storage Unit Storage Huge Storage Unit Weapon Light Assault Rifle Energy Gun EM Pulse Gun Ballistic Gun Light Assault Rifle Ballistic Cannon Light Cannon Special Weapon Mining Laser Build | -11 -10 -10 ------- Run | Yrd Mat Sub Slots Evolved . | . . . Power . | . . . Propulsion . | . . . Utility . | . . . Weapon . | . . . Parts Attached 22 | 7 6 9 Power 4 | 1 . 3 Engine 4 | 1 . 3 Core . | . . . Reactor . | . . . Propulsion 4 | 2 . 2 Treads 2 | 2 . . Leg . | . . . Wheel 2 | . . 2 Hover . | . . . Flight . | . . . Utility 4 | 1 3 . Device . | . . . Storage 4 | 1 3 . Processor . | . . . Hackware . | . . . Protection . | . . . Artifact . | . . . Weapon 10 | 3 3 4 Energy Gun 1 | 1 . . Energy Cannon . | . . . Ballistic Gun 5 | 2 1 2 Ballistic Cannon 3 | . 2 1 Launcher . | . . . Special Weapon 1 | . . 1 Impact Weapon . | . . . Slashing Weapon . | . . . Piercing Weapon . | . . . Special Melee Weapon . | . . . Unidentified Prototypes . | . . . Parts Lost 6 | . . 6 Power 3 | . . 3 Propulsion 2 | . . 2 Utility . | . . . Weapon 1 | . . 1 Highest Loss Streak 3 | . . 3 To Critical Strikes . | . . . Average Slot Usage (%) 94 | . 94 92 Engine 13 | . 14 12 Treads 25 | . 28 15 Wheel 1 | . . 7 Storage 23 | . 22 28 Ballistic Gun 21 | . 22 15 Ballistic Cannon 6 | . 5 7 Naked Turns . | . . . Heaviest Build 92 | 12 92 92 Greatest Support 40 | 40 40 40 Greatest Overweight (x) 4 | 1 2 4 Average Overweight (x) 1 | . 1 3 Largest Inventory Capacity 25 | 8 25 25 Average Capacity 22 | 7 23 25 Most Carried 11 | 3 8 11 Average Carried 6 | 1 6 9 Final Capacity 25 | 8 25 25 Final Carried 10 | 3 8 10 Class Distribution -------------------- 100% | Mutant Dominant Class ---------------- Mutant | -10/Materials Mutant | -10/Subcaves Resources | -11 -10 -10 ----------- Run | Yrd Mat Sub Matter Collected 664 | 354 254 56 Remotely . | . . . Salvage Created 600 | 193 319 88 Parts 47 | 20 19 8 Haulers Intercepted . | . . . Recyclers Shooed 1 | 1 . . Parts Field Recycled . | . . . Retrieved Matter . | . . . Parts Self-Destructed 10 | . . 10 Prevented . | . . . Kills | -11 -10 -10 ------- Run | Yrd Mat Sub Combat Hostiles Destroyed 12 | . 9 3 Guns 3 | . 2 1 Cannons 9 | . 7 2 Classes Destroyed 7 | 3 3 1 Worker 1 | 1 . . Tunneler 7 | 7 . . Recycler 2 | 1 1 . Watcher 3 | . 3 . Swarmer 3 | . 3 . Grunt 6 | . 6 . Subdweller 3 | . . 3 Best Kill Streak 3 | 2 3 1 Combat Bots Only 2 | . 2 1 Max Kills in Single Turn 1 | 1 1 1 Gunslinging . | . . . Exploded . | . . . Melee . | . . . Uniques/NPCs Destroyed . | . . . Combat | -11 -10 -10 -------- Run | Yrd Mat Sub Hostile Shots Fired 93 | . 68 25 Missed 26 | . 22 4 Damage Taken 1059 | . 504 555 Core 252 | . 123 129 Absorbed by Shields . | . . . Core Remaining (%) 100 | 100 . . Volleys Fired 122 | 42 62 18 Largest 2 | 2 2 2 Hottest 100 | 40 55 100 Shots Fired 243 | 84 124 35 Gun 191 | 84 88 19 Cannon 51 | . 36 15 Launcher . | . . . Special 1 | . . 1 Kinetic 242 | 84 124 34 Thermal 1 | . . 1 Explosive . | . . . Electromagnetic . | . . . Robot Hit Streak 11 | 9 11 7 Robot Miss Streak 5 | 4 5 3 Penetration Max . | . . . Secondary Targets . | . . . Shots Hit Robots 150 | 47 82 21 Core Hits 51 | 18 25 8 Critical Kills . | . . . Critical Parts Destroyed . | . . . Critical Strikes 1 | . . 1 Blast 1 | . . 1 Melee Attacks . | . . . Impact . | . . . Slashing . | . . . Piercing . | . . . Sneak Attacks . | . . . Combat Hostiles . | . . . Follow-up Attacks . | . . . Damage Inflicted 1575 | 391 887 297 Guns 946 | 391 435 120 Cannons 629 | . 452 177 Explosions . | . . . Melee . | . . . Ramming . | . . . Kinetic 1575 | 391 887 297 Thermal . | . . . Explosive . | . . . Electromagnetic . | . . . Impact . | . . . Slashing . | . . . Piercing . | . . . Highest Corruption . | . . . Average Corruption . | . . . Corruption Purged . | . . . Corruption Blocked . | . . . Overload Shots . | . . . Overflow Damage 11 | . 11 . Projectiles 11 | . 11 . Explosions . | . . . Melee . | . . . Knockbacks 3 | . 3 . Impact . | . . . Kinetic 3 | . 3 . Secondary . | . . . Self-Inflicted Damage . | . . . Shots . | . . . Rammed . | . . . Targets Rammed . | . . . Kicked . | . . . Crushed . | . . . Highest Temperature 239 | . 87 239 Average Temperature 33 | . 27 107 Received Heat Transfer 627 | . 222 405 Siege Activations . | . . . Robots Corrupted . | . . . Combat Hostiles . | . . . Parts Fried . | . . . Impact Corruptions . | . . . Robots Melted . | . . . Combat Hostiles . | . . . Parts Melted 1 | . . 1 Heat Transferred . | . . . Parts Sabotaged . | . . . Parts Stolen . | . . . Parts Stripped . | . . . Power Chain Reactions . | . . . Alert | -11 -10 -10 ------- Run | Yrd Mat Sub Peak Influence 102 | 45 102 . Initial 29 | . 29 . Average 26 | 17 28 . Maximum Alert Level . | . . . Low Security (%) 100 | 100 100 . Level 1 . | . . . Level 2 . | . . . Level 3 . | . . . Level 4 . | . . . Level 5 . | . . . High Security . | . . . Max Security . | . . . Squads Dispatched . | . . . Investigation . | . . . Extermination . | . . . Reinforcement . | . . . Assault . | . . . Garrison . | . . . Intercept . | . . . Searches Triggered . | . . . Construction Impeded . | . . . Haulers Reinforced . | . . . Active Scanning Responses . | . . . Cargo Convoy Interrupts . | . . . Stealth | -11 -10 -10 --------- Run | Yrd Mat Sub Distress Signals 1 | . 1 . Communications Jammed . | . . . Distress Signals . | . . . Times Spotted 27 | . 22 5 Peak Tracking Total 4 | . 4 2 Tactical Retreats 1 | . 1 . Traps | -11 -10 -10 ------- Run | Yrd Mat Sub Traps Triggered . | . . . Indirectly . | . . . Trap Hack Attempts . | . . . Triggered . | . . . Disarmed . | . . . Reprogrammed . | . . . Reused . | . . . Traps Extracted . | . . . Installed . | . . . Triggered . | . . . Machines | -11 -10 -10 ---------- Run | Yrd Mat Sub Machines Disabled . | . . . Max in Single Turn . | . . . Machines Repaired . | . . . Machines Dismantled . | . . . Machines Sabotaged . | . . . Overloaded Fab Kills . | . . . Hacking | -11 -10 -10 --------- Run | Yrd Mat Sub Machines Accessed 4 | . 4 . Terminals 4 | . 4 . Fabricators . | . . . Repair Stations . | . . . Recycling Units . | . . . Scanalyzers . | . . . Garrison Access . | . . . Total Hacks 8 | . 8 . Successful 3 | . 3 . Failed 5 | . 5 . Catastrophic . | . . . Database Lockouts . | . . . Manual 8 | . 8 . Terminals 8 | . 8 . Fabricators . | . . . Repair Stations . | . . . Recycling Units . | . . . Scanalyzers . | . . . Garrison Access . | . . . Terminal Hacks . | . . . Fabricator Hacks . | . . . Repair Station Hacks . | . . . Recycling Unit Hacks . | . . . Scanalyzer . | . . . Garrison Access Hacks . | . . . Unauthorized Hacks 3 | . 3 . Terminals 3 | . 3 . Botnet 3 | . 3 . Fabricators . | . . . Repair Stations . | . . . Recycling Units . | . . . Scanalyzers . | . . . Garrison Access . | . . . Data Cores Recovered . | . . . Used . | . . . Hacking Detections 2 | . 2 . Full Trace Events . | . . . Feedback Events . | . . . Feedback Blocked . | . . . Robot Schematics Acquired . | . . . Robots Built . | . . . Authchips . | . . . Time . | . . . Total Robot Build Rating . | . . . Part Schematics Acquired . | . . . Parts Built . | . . . Authchips . | . . . Time . | . . . Total Part Build Rating . | . . . Parts Repaired . | . . . Time . | . . . Parts Recycled . | . . . Recycled Matter . | . . . Retrieved Matter . | . . . Retrieved Components . | . . . Parts Scanalyzed . | . . . Part Schematics Acquired . | . . . Parts Damaged . | . . . Bothacking | -11 -10 -10 ------------ Run | Yrd Mat Sub Used RIF Installer . | . . . Robots Hacked . | . . . Non-combat . | . . . Combat . | . . . Robot Hacks Applied . | . . . Relay Couplers Released . | . . . Fabnet Peak Effective % . | . . . Robots Rewired . | . . . Allies Hacked . | . . . Hacks Repelled . | . . . Allies | -11 -10 -10 -------- Run | Yrd Mat Sub Total Allies . | . . . Largest Group . | . . . Highest-Rated Group . | . . . Highest-Rated Ally . | . . . Total Orders . | . . . Ally Attacks . | . . . Total Damage . | . . . Kills . | . . . Allies Corrupted . | . . . Allies Melted . | . . . Intel | -11 -10 -10 ------- Run | Yrd Mat Sub Robot Analysis Total . | . . . Derelict Logs Recovered . | . . . Drone Launches . | . . . Drone Recoveries . | . . . Exploration | -11 -10 -10 ------------- Run | Yrd Mat Sub Turns Passed 3059 | 388 2180 491 Spaces Moved 1042 | 170 666 206 Core 10 | 10 . . Treads 875 | 160 666 49 Legs . | . . . Wheels 157 | . . 157 Hover . | . . . Flight . | . . . Fastest Speed 50 | 50 160 131 Average Speed 256 | 155 298 204 Slowest Speed 480 | 160 320 480 Overloaded Moves . | . . . Propulsion Burnouts . | . . . Robots Hopped . | . . . Cave-ins Triggered . | . . . Exploration Rate (%) 35 | 8 81 17 Regions Visited 2 Branch Regions 1 Pre-discovered Areas . | . . . Known Exits Taken . | . . . Unknown Exits Taken 2 | 1 1 . Scrap Searched . | . . . Spaces Dug . | . . . Terrain Destroyed . | . . . Melee . | . . . Projectile . | . . . AOE . | . . . Terrain Rammed . | . . . Walls Destroyed . | . . . Machines Disabled . | . . . Actions | -11 -10 -10 --------- Run | Yrd Mat Sub Total 1213 | 224 750 239 Wait 8 | . 8 . Move 1040 | 169 665 206 Hop . | . . . Pick Up 16 | 4 6 6 Fast Attach 8 | 6 1 1 Attach 7 | 1 1 5 Detach 2 | 1 1 . Swap 7 | . 4 3 Drop 3 | 1 2 . Fire 122 | 42 62 18 Melee . | . . . Ram . | . . . Kick . | . . . Crush . | . . . Escape Stasis . | . . . Rewire . | . . . Trap . | . . . Miscellaneous . | . . . Route ------- -11/Scrapyard -10/Materials (discovered 5 exits: [*Mat x2] / [*Min x2] / [*Sub]) -10/Subcaves History --------- Turn | Location | Event 11 | -11/Scrapyard | Discovered new exit (range 15) 389 | -11/Scrapyard | Entered Materials 390 | -10/Materials | Build established: Mutant 405 | -10/Materials | Discovered new exit (range 15) 1217 | -10/Materials | Discovered new exit (range 4) 1434 | -10/Materials | Discovered new exit (range 15) 1597 | -10/Materials | Discovered new exit (range 10) 2527 | -10/Materials | Discovered new exit (range 8) 2569 | -10/Materials | Entered Subcaves 2675 | -10/Subcaves | Core integrity fell below 50% 2994 | -10/Subcaves | Core integrity fell below 20% 3034 | -10/Subcaves | Lost 3 parts (1p1n1w) 3059 | -10/Subcaves | Ambushed by Subdwellers from Twisted Machinery 3060 | -10/Subcaves | Destroyed by TC-R15(R) with Subdweller Beam Cannon Last Messages --------------- 02740_ Acquired Scrap Shield. 02753_ Subatomizers dissect the Sub. Optics. 02779_ Acquired 33 matter. 02784_ Acquired 1 matter. 02792_ Acquired Sub. Power Source. 02793_ Subatomizers dissect the Sub. Optics. 02995_ Lgt. Ion Engine destroyed. 02998_ Lgt. Cannon destroyed. 03003_ Lgt. Treads destroyed. 03004_ OD-UNL(R) destroyed. 03014_ Acquired Sub. Power Source. 03015_ Acquired 10 matter. 03020_ Acquired 1 matter. 03023_ Acquired 4 matter. 03048_ Subatomizers dissect the Wheel. 03051_ Acquired Wheel. 03059_ TC-R15(R) emerges from the Twisted Machinery. Map ----- +----------------------------------------------------+ | ??????????# ## ### ## ##?????# | | ??????????# ### #????# ## | | ??????????#### ##?# ##????# #### | | ?????????????###########??# #####?????## ##### | | ??????????????????????????# ##??????????### ##? | | ??????????????????????????# #?????????????# ## | | ??????????????????????????# ##?????????????# # | | ?????????????????????????## #??????????????# | | ????????????????????????## ##??????????????# && | | ????????????????????????# ##???????????????#! %# | | ????????????????????????# #???????????????## ! # | | ????????????????????????# #???????????????#" | | ????????????????????????# #???????????????### | | ???????????????????????## #?????????????????# | | ???????????????????????# #?????????????????## | | ???????????????????????# #??????????????????## | | ???????????????????????# #???????????????????## | | ???????????????????????## ##????????????????????? | | ????????????????????????# #??????????????????##? | | ????????????????????????# ##?????????????????## # | | ???????????????????????## #????????????????## | | ???????????????????????# ##????????????????# | | ???????????????????????## % #?#??????????????# | | ????????????????????????# ## #??????????????# | | ??????????????????????#;# #??????????????# | | ???????????????????????# @ #??????????????# | | ??????????????????????#""R #??????????????## | | ??????????????????????##""R #???????????????# | | ???????????????????????####[ #???????????????# | | ???????????????????????????% ##???????????????#### | | ???????????????????????????= ???????????????????? | | ??????????????????????????? #??????????????????? | | ??????????????????????????? ##??????????????????? | | ??????????????????????????? #???????????????????? | | ??????????????????????????? ???????????????????? | | ??????????????????????????? ???????????????????? | | ???????????????????????????? ???????????????????? | | ???????????????????????????? ??????????????????? | | ???????????????????????????? ??????????????????? | | ???????????????????????????? ??????????????????? | | ?????????????????????????????????????????????????? | | ?????????????????????????????????????????????????? | | ?????????????????????????????????????????????????? | | ?????????????????????????????????????????????????? | | ?????????????????????????????????????????????????? | | ?????????????????????????????????????????????????? | | ?????????????????????????????????????????????????? | | ?????????????????????????????????????????????????? | | ?????????????????????????????????????????????????? | | ?????????????????????????????????????????????????? | +----------------------------------------------------+ Best States ------------- Heat Dissipation 25 Energy Generation 10 Energy Capacity 450 Matter Stores 300 Matter Capacity 300 Sight Range 16 Terrain Scan Density 10 Evasion (%) 40 Recoil Reduction 2 Item Schematics ----------------- None Robot Schematics ------------------ None Fabricated ------------ Nothing Alien Tech Used ----------------- None Achievements -------------- None Challenges ------------ None Game ------ Seed GyrokineticCentriumTube Manual? 0 Play Time 00:13:57 Cumulative 71.5 hours Start 2024.04.17 @ 21:25:06 End 2024.04.17 @ 21:37:42 Sessions 1 Manual Loads 0 Difficulty Rogue Special Mode None Game No. 89 Rogue 89 Adventurer 0 Explorer 0 Win Type - Total 0 Types 0/0/0/0/0/0/0/0/0 Lore% 19 Gallery% 43 Achievement% 30 Wizard Run 0 Options --------- Layout 1 ASCII 0 Keyboard 1 Movement Vi Keybinds 0 Fullscreen 1 Font 24/Smallcaps Map View 50x35 Zoom Use 0% Tactical HUD 1 Map Filters NONE Filters NONE Steam 1 RUN: 6e395d89-47e9-4560-895e-d9c1a62ddd62